 Dungeon Crawl Stone Soup version 0.30-a0-972-gf3ab3527aa (webtiles) character file.

Game seed: 7987864719118055215

34 Barriton the Digger (level 3, 0/26 HPs)
             Began as a Draconian Earth Elementalist on Mar 31, 2023.
             Slain by Terence
             ... wielding a +0 short sword
              (2 damage)
             ... on level 2 of the Dungeon.
             The game lasted 00:01:44 (1122 turns).

Barriton the Digger (Draconian Earth Elementalist)  Turns: 1122, Time: 00:01:44

Health: 0/26       AC:  5    Str: 10    XL:     3   Next: 14%
Magic:  1/6        EV: 12    Int: 17    God:
Gold:   72         SH:  0    Dex: 11    Spells: 6/7 levels left

rFire   . . .      SeeInvis .    d - staff of air
rCold   . . .      Faith    .    (no shield)
rNeg    + . .      Spirit   .    (body armour unavailable)
rPois   .          Reflect  .    (helmet restricted)
rElec   +          Rampage  .    (no cloak)
rCorr   .                        (no gloves)
Will    .....                    (no boots)
Stlth   ++                       (no amulet)
HPRegen 0.24/turn                c - ring of positive energy
MPRegen 0.10/turn                (no ring)

@: no status effects
A: AC +5, unfitting armour, cold-blooded
a: no special abilities


You were on level 2 of the Dungeon.
You visited 1 branch of the dungeon, and saw 2 of its levels.

You collected 72 gold pieces.

Inventory:

Magical Staves
 d - a staff of air (weapon)
Jewellery
 c - a ring of positive energy (left hand)
Potions
 a - a potion of magic
 b - a potion of curing
 e - 2 potions of attraction {unknown}
 f - 2 potions of flight {unknown}


   Skills:
 + Level 2.0 Dodging
 + Level 1.9 Stealth
 + Level 2.5 Spellcasting
 + Level 1.0 Transmutations
 + Level 3.6 Earth Magic
 * Level 0.1 Evocations


You had 6 spell levels left.
You knew the following spells:

 Your Spells              Type           Power      Damage    Failure   Level
a - Sandblast             Erth           28%        2d8       4%          1

Your spell library contained the following spells:

 Spells                   Type           Power      Damage    Failure   Level
 Passwall                 Tmut/Erth      8%         N/A       11%         2
 Stone Arrow              Conj/Erth      16%        3d8       26%         3
 Petrify                  Tmut/Erth      10%        N/A       56%         4


Dungeon Overview and Level Annotations

Branches:
Dungeon (2/15)

Altars:

Annotations:
D:2 Terence


Innate Abilities, Weirdness & Mutations

Your plain brown scales are hard. (AC +5)
You cannot fit into any form of body armour.
You are cold-blooded and may be slowed by cold attacks.


Message History

Terence is lightly wounded.
Terence closely misses you.
Casting: Sandblast (safe; 4% risk of failure)
Confirm with . or Enter, or press ? or * to list all spells.
Aiming: Sandblast (safe; 4% risk of failure)
Press: ? - help, Shift-Dir - straight line, f/p - Terence
Aim: Terence, wielding a +0 short sword, wearing a +0 chain mail and carrying a wand of flame (13) (lightly wounded, 87% to hit)
The blast of sand hits Terence but does no damage.
Terence is lightly wounded.
Terence bares his teeth.
Terence hits you with a +0 short sword.
Terence zaps a wand.
The puff of flame hits you.
* * * LOW HITPOINT WARNING * * *
Casting: Sandblast (safe; 4% risk of failure)
Confirm with . or Enter, or press ? or * to list all spells.
Aiming: Sandblast (safe; 4% risk of failure)
Press: ? - help, Shift-Dir - straight line, f/p - Terence
Aim: Terence, wielding a +0 short sword, wearing a +0 chain mail and carrying a wand of flame (12) (lightly wounded, 87% to hit)
The blast of sand hits Terence but does no damage.
Terence is lightly wounded.
Terence hits you with a +0 short sword!
* * * LOW HITPOINT WARNING * * *
It was a potion of curing.
You feel better. Terence closely misses you.
Casting: Sandblast (safe; 4% risk of failure)
Confirm with . or Enter, or press ? or * to list all spells.
Aiming: Sandblast (safe; 4% risk of failure)
Press: ? - help, Shift-Dir - straight line, f/p - Terence
Aim: Terence, wielding a +0 short sword, wearing a +0 chain mail and carrying a wand of flame (12) (lightly wounded, 87% to hit)
The blast of sand hits Terence but does no damage.
Terence is lightly wounded.
Terence zaps a wand.
The puff of flame hits you.
* * * LOW HITPOINT WARNING * * *
Terence hits you with a +0 short sword.
* * * LOW HITPOINT WARNING * * *
You hit Terence but do no damage.
Terence is lightly wounded.
Terence hits you with a +0 short sword.
* * * LOW HITPOINT WARNING * * *
Terence attacks as you move away! Terence hits you with a +0 short sword.
You die...

##..............##.##
.........†.†######.##.##
...........#†............
.........#..##.##.##.##.#.
[...........#...#........<
.....#.....#..............
..........###...####.##.##
.....#...#.#.#.## #.##.#
#......@.....# #......
##....@####### #..####
#..#.## #...........
#.##.###.### # #.# #.# #..
###


You could see Terence.

Vanquished Creatures
  2 bats
  6 endoplasms
  2 goblins (D:1)
  4 hobgoblins
  4 jackals
  6 kobolds
  A quokka (D:2)
  2 frilled lizards (D:2)
  A rat (D:1)
28 creatures vanquished.

Notes
Turn   | Place    | Note
-------+----------+-------------------------------------------
     0 | D:1      | Barriton the Draconian Earth Elementalist began the quest
                  | for the Orb.
     0 | D:1      | Reached XP level 1. HP: 14/14 MP: 3/3
   271 | D:1      | Reached XP level 2. HP: 20/20 MP: 5/5
  1033 | D:2      | Reached XP level 3. HP: 23/26 MP: 4/6
  1109 | D:2      | Noticed Terence
  1116 | D:2      | HP: 1/26 [Terence/+0 short sword (7)]
  1122 | D:2      | Slain by Terence

Illustrated notes

Levels and vault maps discovered:
D:1:      giann_horns, layout_loops_ring, st_stairs_1
D:2:      minmay_spotlight, layout_loops_ring, basic_ecumenical_altar,
          uniq_robin, uniq_terence

Skill      XL: |  1  2 |
---------------+-------+-----
Dodging        | 2 |  2.0
Stealth        | |  1.9
Spellcasting   | |  2.5
Transmutations | |  1.0
Earth Magic    | |  3.6
Evocations     | |  0.1

Action                     || total
---------------------------++-------
  Melee: Unarmed           ||    20
         Staff             ||    20
         Tailslap          ||     5
   Cast: Sandblast         ||    32
    Use: Scroll            ||     1
         Potion            ||     1
   Stab: Sleeping          ||     2
 Armour: Skin              ||    25
  Dodge: Dodged            ||    33

Table legend: (Time is in decaauts)
 A = Elapsed time spent in this place.
 B = Non-inter-level travel time spent in this place.
 C = Inter-level travel time spent in this place.
 D = Time resting spent in this place.
 E = Time spent auto-exploring this place.
 F = Levels seen in this place.
 G = Mean time per level.
                   A        B        C        D        E       F      G
               +--------+--------+--------+--------+--------+-----+--------+
         Total |   1147 |   1132 |     15 |      0 |    939 |   2 |  573.5 |
       Dungeon |   1147 |   1132 |     15 |      0 |    939 |   2 |  573.5 |
               +--------+--------+--------+--------+--------+-----+--------+

Top non-repeatable levels by time:
     D:1: 858 daAuts
     D:2: 289 daAuts
